 Dungeon Crawl Stone Soup version 0.29-a0-870-g2c972031a6 (webtiles) character file.

Game seed: 17436631881923791335

42 mathmaestro the Grave Robber (level 3, 0/26 HPs)
             Began as a Demonspawn Necromancer on July 17, 2022.
             Slain by Crazy Yiuf
             ... wielding a +2 quarterstaff of chaos
              (2 damage)
             ... on level 2 of the Dungeon.
             The game lasted 00:05:22 (1927 turns).

mathmaestro the Grave Robber (DsNe)                 Turns: 1927, Time: 00:05:23

Health: 0/26       AC:  4    Str:  8    XL:     3   Next: 35%
Magic:  1/6        EV: 11    Int: 18    God:
Gold:   68         SH:  0    Dex: 15    Spells: 5/6 levels left

rFire   . . .      SeeInvis .   g - +0 sling
rCold   . . .      Faith    .   (no shield)
rNeg    . . .      Spirit   .   c - +0 leather armour
rPois   .          Reflect  .   (no helmet)
rElec   .          Harm     .   (no cloak)
rCorr   .          Rampage  .   m - +0 pair of gloves
Will    .....                   (no boots)
Stlth   +++.......              n - amulet of the acrobat
HPRegen 0.08/turn               r - ring of flight
MPRegen 0.10/turn               (no ring)

@: flying
A: thin skeletal structure 1, weakness stinger 1
a: no special abilities


You were on level 2 of the Dungeon.
You visited 1 branch of the dungeon, and saw 2 of its levels.

You collected 68 gold pieces.

Inventory:

Hand Weapons
 g - a +0 sling (weapon)
 q - the +8 dagger of the Quick God {vamp, *Noise rPois rN+++ Int-3}
   (You found it on level 2 of the Dungeon)

   It occasionally heals its wielder for a portion of the damage dealt when it
   wounds a living foe.
   Int:       It affects your intelligence (-3).
   rPois:     It protects you from poison.
   rN:        It renders you almost immune to negative energy.
   *Noise:    It may make noises in combat.
Armour
 c - a +0 leather armour (worn)
 m - a +0 pair of gloves (worn)
Jewellery
 n - an amulet of the acrobat (around neck)
 r - a ring of flight (left hand)
Scrolls
 a - a scroll of amnesia {unknown}
 e - a scroll of silence {unknown}
 f - a scroll of torment {unknown}
 k - a scroll of teleportation {unknown}
 p - 2 scrolls of identify {unknown}
Potions
 b - a potion of magic
 d - 2 potions of resistance {unknown}
 h - 2 potions of curing {unknown}
 i - a potion of brilliance {unknown}
 j - a potion of heal wounds {unknown}
 l - a potion of might {unknown}
 o - a potion of ambrosia {unknown}


   Skills:
 + Level 1.1 Fighting
 + Level 1.1 Armour
 - Level 2.0 Dodging
 - Level 2.0 Stealth
 + Level 2.4 Spellcasting
 + Level 4.6 Necromancy


You had 5 spell levels left.
You knew the following spells:

 Your Spells              Type           Power      Damage    Failure   Level
a - Necrotise             Necr           72%        1d7       3%          1

Your spell library contained the following spells:

 Spells                   Type           Power      Damage    Failure   Level
 Vampiric Draining        Necr           18%        2d7       11%         3
 Animate Dead             Necr           18%        N/A       34%         4
 Agony                    Necr           18%        N/A       69%         5


Dungeon Overview and Level Annotations

Branches:
Dungeon (2/15)

Altars:

Annotations:
D:2 Crazy Yiuf


Innate Abilities, Weirdness & Mutations

You have a somewhat thin skeletal structure. (Dex +2, Stealth+)
You have a small tail.


Message History

Aim: Crazy Yiuf, wielding a +2 quarterstaff of chaos and wearing a +0 cloak (moderately wounded, chance to affect: 83%)
Okay, then.
Casting: Necrotise (safe; 3% risk of failure)
Confirm with . or Enter, or press ? or * to list all spells.
You don't know that spell.
Casting: Necrotise (safe; 3% risk of failure)
Confirm with . or Enter, or press ? or * to list all spells.
Aiming: Necrotise (safe; 3% risk of failure)
Press: ? - help, Shift-Dir - straight line, f/p - Crazy Yiuf
Aim: Crazy Yiuf, wielding a +2 quarterstaff of chaos and wearing a +0 cloak (moderately wounded, chance to affect: 83%) Crazy Yiuf writhes in agony.
Crazy Yiuf closely misses you.
Casting: Necrotise (safe; 3% risk of failure)
Confirm with . or Enter, or press ? or * to list all spells.
Aiming: Necrotise (safe; 3% risk of failure)
Press: ? - help, Shift-Dir - straight line, f/p - Crazy Yiuf
Aim: Crazy Yiuf, wielding a +2 quarterstaff of chaos and wearing a +0 cloak (heavily wounded, chance to affect: 83%) Crazy Yiuf writhes in agony.
Crazy Yiuf barely misses you.
Casting: Necrotise (safe; 3% risk of failure)
Confirm with . or Enter, or press ? or * to list all spells.
Aiming: Necrotise (safe; 3% risk of failure)
Press: ? - help, Shift-Dir - straight line, f/p - Crazy Yiuf
Aim: Crazy Yiuf, wielding a +2 quarterstaff of chaos and wearing a +0 cloak (heavily wounded, chance to affect: 83%) Crazy Yiuf writhes in agony.
Crazy Yiuf barely misses you.
Fire: g) +0 sling
Press: ? - help, Q - select action, (/) - cycle Shift-Dir - straight line, f/p - Crazy Yiuf
Aim: Crazy Yiuf, wielding a +2 quarterstaff of chaos and wearing a +0 cloak (severely wounded, 58% to hit)
You shoot a sling bullet.
The sling bullet barely misses Crazy Yiuf.
Crazy Yiuf hits you with a +2 quarterstaff of chaos!
* * * LOW HITPOINT WARNING * * *
Crazy Yiuf draws strength from your wounds!
Fire: g) +0 sling
Press: ? - help, Q - select action, (/) - cycle Shift-Dir - straight line, f/p - Crazy Yiuf
Aim: Crazy Yiuf, wielding a +2 quarterstaff of chaos and wearing a +0 cloak (moderately wounded, 58% to hit)
You shoot a sling bullet. The sling bullet hits Crazy Yiuf.
Crazy Yiuf is severely wounded.
Crazy Yiuf hits you with a +2 quarterstaff of chaos.
* * * LOW HITPOINT WARNING * * *
Crazy Yiuf burns you.
You die...

.# ##'## ##
##...## #
##.....# ##
##..#####
.####...#
....'...#
..###...##♣♣ ###
#.# ##.....♣♣
♣♣#..)# #.#
#......♣♣♣♣@g...#
#.#
##......♣..♣#...#
#.# ##....♣.♣♣♣
### ..# ###♣♣♣♣♣
### ##### ###
##...###.#
#.....##.#
########...###.#


You could see Crazy Yiuf.

Vanquished Creatures
  A dart slug (D:1)
  5 bats
  2 endoplasms (D:1)
  2 giant cockroaches (D:1)
  6 goblins
  5 hobgoblins
  3 quokkas
  6 ball pythons
  2 frilled lizards
  6 rats (D:2)
38 creatures vanquished.

Vanquished Creatures (collateral kills)
  A bat (D:1)
1 creature vanquished.

Grand Total: 39 creatures vanquished

Notes
Turn   | Place    | Note
-------+----------+-------------------------------------------
     0 | D:1      | mathmaestro the Demonspawn Necromancer began the quest for
                  | the Orb.
     0 | D:1      | Reached XP level 1. HP: 13/13 MP: 3/3
   247 | D:1      | Gained mutation: You have a somewhat thin skeletal
                  | structure. (Dex +2, Stealth+) [demonic ancestry]
   247 | D:1      | Reached XP level 2. HP: 14/20 MP: 1/5
   617 | D:1      | Found a faded altar of an unknown god.
   896 | D:1      | Reached skill level 1 in Fighting
  1050 | D:2      | Identified the +8 dagger of the Quick God {vamp, *Noise
                  | rPois rN+++ Int-3}
  1103 | D:2      | Gained mutation: You have a small tail. [demonic ancestry]
  1103 | D:2      | Reached XP level 3. HP: 26/26 MP: 3/6
  1397 | D:2      | Reached skill level 1 in Armour
  1914 | D:2      | Found a runed translucent door.
  1915 | D:2      | Noticed Crazy Yiuf
  1927 | D:2      | Slain by Crazy Yiuf

Illustrated notes

Levels and vault maps discovered:
D:1:      minmay_arrival_jagged, layout_rooms, ebering_ecumenical_altar_mist,
          minmay_heptomino_l4
D:2:      layout_loops_corners, chequers_garden, uniq_crazy_yiuf_cottage

Skill      XL: |  1  2  3 |
---------------+----------+-----
Stealth        | 2 |  2.0
Dodging        | 2 |  2.0
Fighting       | 1 |  1.1
Armour         | 1 |  1.1
Spellcasting   | |  2.4
Necromancy     | |  4.6

Action                   || total
-------------------------++-------
Melee: Club              ||    14
       Dagger            ||    11
 Fire: Sling             ||    13
 Cast: Necrotise         ||    62
Armor: Leather armour    ||    19
Dodge: Dodged            ||    40

Table legend: (Time is in decaauts)
 A = Elapsed time spent in this place.
 B = Non-inter-level travel time spent in this place.
 C = Inter-level travel time spent in this place.
 D = Time resting spent in this place.
 E = Time spent auto-exploring this place.
 F = Levels seen in this place.
 G = Mean time per level.
                   A        B        C        D        E       F      G
               +--------+--------+--------+--------+--------+-----+--------+
         Total |   1933 |   1889 |     44 |    232 |   1346 |   2 |  966.5 |
       Dungeon |   1933 |   1889 |     44 |    232 |   1346 |   2 |  966.5 |
               +--------+--------+--------+--------+--------+-----+--------+

Top non-repeatable levels by time:
     D:1: 1037 daAuts
     D:2: 895 daAuts
